 Dungeon Crawl Stone Soup version 0.31-a0-705-ga145531891 (webtiles) character file.

Game seed: 227345045823756587

79 Ofeo the Changeling (level 4, -4/33 HPs)
             Began as a Demonspawn Shapeshifter on Sept 10, 2023.
             Slain by Sigmund
             ... wielding a +0 scythe
              (8 damage)
             ... on level 3 of the Dungeon.
             The game lasted 00:03:12 (2208 turns).

Ofeo the Changeling (Demonspawn Shapeshifter)       Turns: 2208, Time: 00:03:12

Health: -4/33      AC:  2    Str: 14    XL:     4   Next: 16%
Magic:  4/4        EV: 12    Int: 12    God:
Gold:   171        SH:  0    Dex: 14    Spells: 3/3 levels left

rFire   . . .        b - +2 short sword (elec)
rCold   . . .        (no shield)
rNeg    . . .        m - +0 animal skin
rPois   .            (helmet currently unavailable)
rElec   .            (cloak currently unavailable)
rCorr   .            (gloves currently unavailable)
SInv    .            (boots currently unavailable)
Will    .....        (no amulet)
Stlth   +            (no ring)
HPRegen 0.25/turn    (no ring)
MPRegen 0.09/turn

%: no passive effects
@: beast-form
A: beast (slay +2), antennae 2, ignite blood 1
a: Begin Untransformation


You were on level 3 of the Dungeon.
You were a hulking beast.
You visited 1 branch of the dungeon, and saw 3 of its levels.

You collected 171 gold pieces.

Inventory:

Hand Weapons
 a - a +0 sling
 b - a +2 short sword of electrocution (weapon)
Armour
 m - a +0 animal skin (worn)
Talismans
 c - a beast talisman (active)
 d - a flux talisman
Scrolls
 e - 3 scrolls of teleportation {@r3}
 h - a scroll of fog
 i - a scroll of identify {@r1}
 k - 2 scrolls of immolation {unknown}
 o - a scroll of blinking {unknown}
Potions
 f - a potion of heal wounds {unknown}
 g - 2 potions of berserk rage {unknown}
 j - 2 potions of cancellation {unknown}
 l - a potion of lignification
 n - 3 potions of curing {unknown}


   Skills:
 - Level 1.8 Fighting
 - Level 2.2 Dodging
 - Level 3.1 Unarmed Combat
 + Level 3.6 Shapeshifting


You had 3 spell levels left.
You didn't know any spells.
Your spell library contained the following spells:

 Spells                   Type           Power      Damage    Failure   Level
 Apportation              Tloc           0%         N/A       32%         1
 Necrotise                Necr           0%         1d4       32%         1
 Summon Small Mammal      Summ           0%         N/A       32%         1


Dungeon Overview and Level Annotations

Branches:
Dungeon (3/15)

Altars:

Shops:
D:1 (:?[

Annotations:
D:3 Sigmund


Innate Abilities, Weirdness & Mutations

You are a hulking beast.
Your limbs bulge with bestial killing power. (Slay +2)
You have a pair of antennae on your head.
Your demonic aura sometimes causes spilled blood to erupt in flames.


Message History

The puff of flame hits you.
You take 2 damage, and have 30/33 hp.
Your +2 short sword of electrocution stops crackling.
a - a +0 sling (weapon)
You shoot a sling bullet.
The sling bullet closely misses Sigmund.
You shoot a sling bullet. The sling bullet hits Sigmund.
Sigmund is lightly wounded.
Sigmund mumbles some strange words.
Sigmund flickers and vanishes!
Deactivating autopickup; reactivate with Ctrl-A.
No target in view!
A magic dart appears from out of thin air!
The magic dart hits you.
You take 6 damage, and have 26/33 hp.
Okay, then.
As you read the scroll labelled NYAHAP XAOSEPOT, it dissolves into smoke.
It was a scroll of fog.
Fire: a) +0 sling
Press: ? - help, Q - select action Shift-Dir - straight line You shoot a sling bullet.
Fire: a) +0 sling
Press: ? - help, Q - select action Shift-Dir - straight line You shoot a sling bullet.
You hear the crackle of electricity.
b - a +2 short sword of electrocution (weapon)
Something hits you.
You hit something but do no damage. Something hits you.
You take 2 damage, and have 26/33 hp.
You closely miss something. Something hits you!
You take 10 damage, and have 16/33 hp.
MASSIVE DAMAGE!!
You hit something but do no damage. You barely miss something.
Something hits you.
You take 4 damage, and have 13/33 hp.
You barely miss something. Something hits you!
* * * LOW HITPOINT WARNING * * *
You take 10 damage, and have 3/33 hp.
MASSIVE DAMAGE!!
You miss something. You puncture something! Something hits you!
You die...

#....<.........###.......#
#.....................##.#
#.#⌠...⌠.###.#.###.##.##.#
#............#..|........#
......##.##.........#.#..#
####..###.##.######..#.#..#
###..###.##.# #§§......#
.........##.#####§#.#.#.##
..#.......{.§§{h§§..#.#.#
.....##.#...#####§###.†.#
###. #.#...# #......## #
#.#...# ######.# #.#...#
#.# ......# #.# ......# #.#
..##..# #.# #.#


There were no monsters in sight!

Vanquished Creatures
  3 adders
  2 worms
  2 dart slugs
  4 ball pythons
  3 giant cockroaches (D:1)
  4 goblins
  4 hobgoblins
  6 kobolds
  2 quokkas
  5 bats (D:2)
  A frilled lizard (D:1)
  3 rats
39 creatures vanquished.

Notes
Turn   | Place    | Note
-------+----------+-------------------------------------------
     0 | D:1      | Ofeo the Demonspawn Shapeshifter began the quest for the
                  | Orb.
     0 | D:1      | Reached XP level 1. HP: 15/15 MP: 1/1
     2 | D:1      | Found Wulewe's Book Emporium.
   100 | D:1      | Found Join's Armour Shop.
   312 | D:1      | Gained mutation: Your demonic aura sometimes causes spilled
                  | blood to erupt in flames. [demonic ancestry]
   312 | D:1      | Reached XP level 2. HP: 8/21 MP: 2/2
   522 | D:1      | Found Onymuer's Antique Weapon Boutique.
   854 | D:1      | Found Yjux's Magic Scroll Emporium.
  1154 | D:2      | Found a faded altar of an unknown god.
  1333 | D:2      | Gained mutation: You have a pair of small antennae on your
                  | head. [demonic ancestry]
  1333 | D:2      | Reached XP level 3. HP: 21/27 MP: 3/3
  2078 | D:2      | Gained mutation: You have a pair of antennae on your head.
                  | [demonic ancestry]
  2078 | D:2      | Reached XP level 4. HP: 28/33 MP: 4/4
  2184 | D:3      | Noticed Sigmund
  2208 | D:3      | Slain by Sigmund

Illustrated notes

Levels and vault maps discovered:
D:1:      spicycebolla_arrival_risky_transporter, layout_basic, serial_shops,
          nicolae_shop_stone, shop, shop, nicolae_shop_rolled_up,
          nicolae_wormholes
D:2:      layout_loops_ring, ebering_ecumenical_altar_rust
D:3:      layout_loops_ring, mainiacjoe_overflow_boulevard,
          gup_sewer_entry_glass, grunt_ministairs_1, uniq_sigmund

Skill      XL: |  1  2 |
---------------+-------+-----
Dodging        | 2 |  2.2
Unarmed Combat | 3 |  3.1
Shapeshifting  | 3 |  3.6
Fighting       | |  1.8

Action                     |  1- 3 |  4- 6 || total
---------------------------+-------+-------++-------
  Melee: Unarmed           |   109 |       ||   109
         Punch             |     4 |       ||     4
         Short sword       |     2 |    11 ||    13
   Fire: Sling             |    30 |     5 ||    35
    Use: Scroll            |     4 |     1 ||     5
 Armour: Animal skin       |    71 |     9 ||    80
  Dodge: Dodged            |    93 |     4 ||    97

Table legend: (Time is in decaauts)
 A = Elapsed time spent in this place.
 B = Non-inter-level travel time spent in this place.
 C = Inter-level travel time spent in this place.
 D = Time resting spent in this place.
 E = Time spent auto-exploring this place.
 F = Levels seen in this place.
 G = Mean time per level.
                   A        B        C        D        E       F      G
               +--------+--------+--------+--------+--------+-----+--------+
         Total |   2214 |   2057 |    157 |     51 |   1611 |   3 |  738.0 |
       Dungeon |   2214 |   2057 |    157 |     51 |   1611 |   3 |  738.0 |
               +--------+--------+--------+--------+--------+-----+--------+

Top non-repeatable levels by time:
     D:2: 1044 daAuts
     D:1: 1041 daAuts
     D:3: 128 daAuts
